 Dungeon Crawl Stone Soup version 0.29.0-4-gdea44cf6ec (webtiles) character file.

Game seed: 2123601301018532003

44 qw the Chopper (level 3, -1/21 HPs)
             Began as a Tengu Warper on Aug 28, 2022.
             Slain by Terence
             ... wielding a +0 flail
              (4 damage)
             ... on level 2 of the Dungeon.
             The game lasted 00:00:07 (1222 turns).

qw the Chopper (Tengu Warper)                       Turns: 1222, Time: 00:00:08

Health: -1/21      AC: 13    Str: 13    XL:     3   Next: 62%
Magic:  7/7        EV:  0    Int: 13    God:
Gold:   123        SH: 11    Dex: 13    Spells: 6/6 levels left

rFire   . . .      SeeInvis .   Y - +1 hand axe
rCold   . . .      Faith    .   g - +0 tower shield
rNeg    . . .      Spirit   .   d - +3 plate armour
rPois   .          Reflect  .   (helmet restricted)
rElec   .          Harm     .   (no cloak)
rCorr   .          Rampage  .   (no gloves)
Will    .....                   (boots unavailable)
Stlth   ..........              (no amulet)
HPRegen 0.07/turn               (no ring)
MPRegen 0.10/turn               (no ring)

@: no status effects
A: beak, talons 3
a: no special abilities


You were on level 2 of the Dungeon.
You visited 1 branch of the dungeon, and saw 2 of its levels.

You collected 123 gold pieces.


Innate Abilities, Weirdness & Mutations

You have a beak for a mouth.
You have claws for feet.


   Skills:
 - Level 2.0 Fighting
 - Level 3.8 Axes
 - Level 1.0 Throwing
 - Level 1.1 Armour
 - Level 2.1 Dodging
 + Level 1.3 Shields
 - Level 2.0 Spellcasting
 - Level 2.4 Translocations


You had 6 spell levels left.
You didn't know any spells.
Your spell library contained the following spells:

 Spells                   Type           Power      Damage    Failure   Level
 Blink                    Tloc           14%        N/A       100%        2
 Gell's Gravitas          Tloc           7%         N/A       100%        3
 Lesser Beckoning         Tloc           7%         N/A       100%        3
 Teleport Other           Tloc           7%         N/A       100%        3
 Manifold Assault         Tloc           7%         N/A       100%        5

Inventory:

Hand Weapons
 i - a +0 whip
 Y - a +1 hand axe (weapon)
Armour
 d - a +3 plate armour (worn)
 g - a +0 tower shield (worn)
Scrolls
 k - a scroll of identify
Potions
 a - 2 potions of flight {unknown}
 h - a potion of curing

Dungeon Overview and Level Annotations

Branches:
Dungeon (2/15)

Altars:

Annotations:
D:2 Terence


Message History

You feel sick.
You are no longer poisoned.
You block the adder's attack. Terence hits you but does no damage.
You miss the adder.
The adder is heavily wounded.
You hit Terence but do no damage. The adder bites you but does no damage.
Terence hits you but does no damage. You block the adder's attack.
You hit the adder. You claw the adder.
You kill the adder!
You completely miss Terence. Terence hits you with a +0 flail!
Terence hits you with a +0 flail.
Your Shields skill increases to level 1!
You hit Terence but do no damage. Your kick misses Terence.
Terence is lightly wounded.
You block Terence's attack.
You hit Terence but do no damage.
Terence is lightly wounded.
Terence hits you but does no damage. Terence hits you with a +0 flail.
You hit Terence. Your kick misses Terence. You peck Terence, but do no damage.
Terence is lightly wounded.
Terence hits you but does no damage.
You hit Terence but do no damage. Your kick misses Terence.
Your peck misses Terence.
Terence is lightly wounded.
Terence hits you with a +0 flail! Terence hits you but does no damage.
You hit Terence but do no damage. You claw Terence, but do no damage.
You peck Terence.
Terence is moderately wounded.
You block Terence's attack.
You barely miss Terence.
Terence is moderately wounded.
You block Terence's attack. x2
You hit Terence but do no damage. You claw Terence, but do no damage.
Terence is moderately wounded.
Terence hits you but does no damage. You block Terence's attack.
You barely miss Terence. You peck Terence, but do no damage.
Terence is moderately wounded.
Terence hits you with a +0 flail.
You die...

#######.# #..#.#........
........#####..#.#........
...............#.'........
....>.......##.###........
..................>.......
................##........
.........##.....##.#+####.
....<...........##.#.#
........###.....@....#
........# #....%@)...#
........# ###........#
.......... ......#.#.#
##############...#.# #
....#.# .....# . .....)# #


You could see Terence.

Vanquished Creatures
  An adder (D:2)
  3 dart slugs (D:1)
  2 ball pythons (D:1)
  3 bats (D:1)
  3 endoplasms
  A giant cockroach (D:2)
  2 goblins
  2 hobgoblins (D:1)
  4 jackals
  4 kobolds
  2 rats (D:1)
27 creatures vanquished.

Vanquished Creatures (others)
  4 toadstools (D:1)
4 creatures vanquished.

Grand Total: 31 creatures vanquished

Notes
Turn   | Place    | Note
-------+----------+-------------------------------------------
     0 | D:1      | qw the Tengu Warper began the quest for the Orb.
     0 | D:1      | Reached XP level 1. HP: 12/12 MP: 4/4
     0 | D:1      | 0 ||| qw: Version: 0.1-a-89-g26bdef1
     0 | D:1      | 0 ||| qw: Game counter: 2535
     0 | D:1      | 0 ||| qw: Always use a shield: true
     0 | D:1      | 0 ||| qw: God list: Okawaru
     0 | D:1      | 0 ||| qw: Allow faded altars: false
     0 | D:1      | 0 ||| qw: Do Orc after D:15 true
     0 | D:1      | 0 ||| qw: Do second Lair branch before Depths: true
     0 | D:1      | 0 ||| qw: Lair rune preference: random
     0 | D:1      | 0 ||| qw: Plans: Normal
     0 | D:1      | 0 ||| PLANNING D:1-11
   308 | D:1      | Found a faded altar of an unknown god.
   325 | D:1      | Reached skill level 3 in Axes
   325 | D:1      | Reached XP level 2. HP: 15/17 MP: 6/6
   597 | D:1      | Reached XP level 3. HP: 14/21 MP: 7/7
   897 | D:1      | 897 ||| UPGRADING to +3 plate armour.
   907 | D:1      | 907 ||| DROPPING +0 leather armour.
   908 | D:1      | 908 ||| UPGRADING to +0 tower shield.
   913 | D:1      | 913 ||| READING 2 scrolls labelled WUSEER BIZAR.
   914 | D:1      | 914 ||| READING scroll labelled EHOEKO MUD.
   915 | D:1      | 915 ||| READING 3 scrolls labelled GIFEST ZUOFAERPH.
   916 | D:1      | 916 ||| READING scroll labelled IFIULY ZUCUG.
  1035 | D:1      | 1035 ||| DRINKING 2 purple potions.
  1036 | D:1      | 1036 ||| READING 2 scrolls of identify.
  1036 | D:1      | 1036 ||| IDENTIFYING fizzy blue potion
  1037 | D:1      | 1037 ||| DROPPING scroll of amnesia.
  1038 | D:1      | 1038 ||| DROPPING scroll of blinking.
  1204 | D:2      | Noticed Terence
  1211 | D:2      | HP: 3/21 [Terence/+0 flail (8)]
  1212 | D:2      | 1212 ||| DRINKING potion of heal wounds.
  1215 | D:2      | Reached skill level 1 in Shields
  1218 | D:2      | HP: 2/21 [Terence/+0 flail (7)]
  1222 | D:2      | Slain by Terence

Levels and vault maps discovered:
D:1:      ldierk_walled_garden_2, layout_rooms,
          ebering_ecumenical_altar_abandoned, solitary_fountain,
          minmay_liquid_box
D:2:      layout_basic, serial_shops, nicolae_shop_stone, minmay_pentomino_p4,
          uniq_terence

Skill      XL: |  1  2  3 |
---------------+----------+-----
Axes           | 3 |  3.8
Shields        | 1 |  1.3
Fighting       | |  2.0
Throwing       | |  1.0
Armour         | |  1.1
Dodging        | |  2.1
Spellcasting   | |  2.0
Translocations | |  2.4

Action                   || total
-------------------------++-------
Melee: Hand axe          ||    69
       Kick              ||    15
       Peck              ||     7
       Punch             ||     1
Throw: Boomerang         ||     7
  Use: Scroll            ||     5
       Potion            ||     2
Armor: Leather armour    ||    17
       Plate armour      ||    27
Dodge: Dodged            ||    32
Block: Tower shield      ||    23

Table legend:
 A = Non-vault XP
 B = Vault XP
 C = Vault XP percentage of total XP
 D = Non-vault monster count
 E = Vault monster count
 F = Vault count percentage of total count
                 A         B        C        D         E       F
            +---------+---------+-------+---------+---------+-------
      Total |      64 |       0 |   0.0 |      27 |       0 |   0.0
            +---------+---------+-------+---------+---------+-------
        D:1 |      38 |       0 |   0.0 |      19 |       0 |   0.0
        D:2 |      26 |       0 |   0.0 |       8 |       0 |   0.0
            +---------+---------+-------+---------+---------+-------
